AoeStats
← AiM | Facu1414

Arena

507418579Analyzed
4v4 RM · 13d ago on Sep 18, 2026· 45m 58s· 8 players
Game mode
Random Map
Map size
Large (8 player)
Population
200
Speed
Normal
Resources
Standard
Victory
Conquest
Starting age
Dark Age
Ending age
Imperial Age
RankedLock teamsTeams togetherTeam positionsShared explorationLock speedFull tech treeHidden civsTurbo modeCheats
Victory
Defeat
🇦🇷 Bengalis · Argentina
1589
+12
🇦🇷 Cumans · Argentina
1510
+15
🇨🇱 Persians · Chile
1504
+15
🇨🇱 Teutons · Chile
1386
+19
🇨🇳 Teutons · China
1503
-16
🇨🇳 Poles · China
1481
-15
🇹🇼 Persians · Taiwan
1470
-15
1470
-15
enzoyin68
11:09 Feudal Age
14:56 Castle Age
13:01 Double-Bit Axe
13:32 Horse Collar
15:47 Heavy Plow
15:59 Bow Saw
19:43 Wheelbarrow
21:54 Stone Mining
24:12 Forging
23:25 Light Cavalry
24:36 Scale Barding Armor
24:48 Husbandry
24:59 Bloodlines
26:12 Hand Cart
26:39 Szlachta Privileges
27:46 Chain Barding Armor
29:22 Iron Casting
29:27 Caravan
32:02 Imperial Age
30:40 Gold Mining
31:26 Stone Shaft Mining
31:16 Scale Mail Armor
32:08 Devotion
32:07 Cavalier
33:10 Conscription
34:10 Blast Furnace
35:06 Crop Rotation
36:10 Coinage
35:51 Capped Ram
37:34 Chemistry
37:15 Siege Ram
38:40 Banking
38:45 Chain Mail Armor
39:10 Squires
38:35 Pikeman
40:17 Plate Mail Armor
39:26 Winged Hussar
41:16 Town Watch
43:14 Lechitic Legacy
戒賭胖
9:58 Feudal Age
13:53 Castle Age
12:15 Double-Bit Axe
12:45 Horse Collar
15:12 Bow Saw
19:25 Heavy Plow
21:15 Wheelbarrow
21:21 Gold Mining
22:12 Stone Mining
23:47 Loom
26:48 Imperial Age
24:54 Scale Barding Armor
25:31 Forging
25:46 Husbandry
26:00 Bloodlines
26:54 Chain Barding Armor
27:44 Iron Casting
27:34 Conscription
28:39 Plate Barding Armor
27:34 Cavalier
30:19 Blast Furnace
30:58 Savar
34:26 Hand Cart
33:56 Town Watch
35:30 Crop Rotation
36:05 Coinage
37:16 Banking
37:36 Squires
36:57 Pikeman
38:09 Scale Mail Armor
38:03 Arson
38:07 Halberdier
39:44 Chain Mail Armor
41:04 Plate Mail Armor
41:50 Light Cavalry
あおぞら ひかり
8:53 Feudal Age
10:02 Loom
10:17 Fletching
10:51 Double-Bit Axe
12:40 Town Watch
13:30 Horse Collar
22:46 Castle Age
20:58 Stone Mining
21:02 Gold Mining
24:59 Bow Saw
25:10 Bodkin Arrow
26:26 Wheelbarrow
26:32 Padded Archer Armor
29:00 Leather Archer Armor
30:48 Ballistics
35:41 Imperial Age
36:12 Gold Shaft Mining
36:30 Bloodlines
36:21 Husbandry
36:27 Bracer
37:31 Chemistry
38:04 Elite Mangudai
39:24 Conscription
40:06 Parthian Tactics
41:05 Thumb Ring
Yuzu
6:46 Loom
12:27 Feudal Age
13:18 Double-Bit Axe
15:47 Wheelbarrow
17:32 Castle Age
15:46 Stone Mining
15:29 Man-at-Arms
16:37 Scale Mail Armor
16:50 Forging
16:57 Horse Collar
18:32 Bow Saw
18:51 Squires
22:15 Devotion
42:20 Wheelbarrow
45:30 Town Watch
AiM | sAREMS
11:33 Feudal Age
15:08 Castle Age
13:19 Double-Bit Axe
13:14 Horse Collar
13:21 Horse Collar
15:55 Wheelbarrow
15:52 Bow Saw
15:53 Heavy Plow
16:09 Loom
20:14 Town Watch
21:02 Hand Cart
22:14 Gold Mining
22:53 Stone Mining
24:42 Stone Shaft Mining
27:02 Gold Shaft Mining
30:11 Imperial Age
28:13 Scale Barding Armor
28:19 Forging
28:18 Town Watch
30:09 Fletching
30:40 Chain Barding Armor
30:55 Iron Casting
30:57 Conscription
30:13 Elite War Elephant
31:38 Crop Rotation
32:10 Two-Man Saw
32:12 Bloodlines
32:03 Husbandry
33:09 Plate Barding Armor
33:35 Blast Furnace
34:01 Bodkin Arrow
35:08 Chemistry
34:29 Ballistics
35:43 Pikeman
36:23 Squires
36:09 Arson
36:25 Scale Mail Armor
36:25 Padded Archer Armor
37:27 Leather Archer Armor
37:33 Chain Mail Armor
37:51 Kamandaran
38:02 Citadels
38:29 Hoardings
37:27 Light Cavalry
39:08 Hussar
39:44 Capped Ram
42:49 Siege Ram
AiM | Maggick
6:31 Loom
8:59 Feudal Age
13:05 Fletching
22:22 Castle Age
22:01 Double-Bit Axe
23:21 Bodkin Arrow
29:57 Imperial Age
29:00 Guard Tower
30:09 Bow Saw
32:24 Ballistics
33:06 Chemistry
31:43 Pikeman
32:30 Squires
32:31 Scale Mail Armor
32:37 Horse Collar
32:25 Halberdier
34:20 Chain Mail Armor
34:58 Forging
36:42 Wheelbarrow
37:44 Plate Mail Armor
37:57 Padded Archer Armor
37:23 Elite Skirmisher
39:11 Ballistics
40:11 Hand Cart
40:15 Leather Archer Armor
41:03 Chemistry
43:20 Gold Mining
44:11 Ring Archer Armor
AiM | Facu1414
9:45 Feudal Age
10:38 Double-Bit Axe
10:41 Horse Collar
17:32 Wheelbarrow
16:45 Loom
19:33 Scale Barding Armor
19:41 Forging
21:56 Castle Age
20:10 Gold Mining
20:44 Bloodlines
23:03 Chain Barding Armor
23:18 Iron Casting
30:08 Heavy Plow
34:46 Imperial Age
32:51 Devotion
35:07 Bow Saw
34:50 Cavalier
36:32 Plate Barding Armor
37:54 Chemistry
39:42 Conscription
40:44 Two-Man Saw
40:15 Crop Rotation
40:53 Paladin
44:15 Light Cavalry
45:25 Capped Ram
AIM | Agua cate 98
2:59 Loom
12:10 Feudal Age
11:21 Loom
15:59 Castle Age
13:46 Double-Bit Axe
15:05 Gold Mining
15:05 Horse Collar
17:47 Sanctity
20:48 Wheelbarrow
21:01 Fervor
23:19 Bow Saw
30:29 Heavy Plow
33:01 Imperial Age
35:18 Illumination
35:08 Block Printing
37:08 Siege Elephant
39:04 Hand Cart
40:04 Pikeman
41:01 Squires
40:55 Halberdier
41:40 Scale Mail Armor
41:50 Forging
43:15 Paiks
45:06 Chain Mail Armor
45:01 Forging
Connection lost

Rejoining the realm…

Still unreachable

The connection could not be restored.

Session expired

The server has moved on; the page needs a fresh start.